 Dungeon Crawl Stone Soup version 0.25-a0-1071-g2607d5cfa1 (webtiles) character file.

Game seed: 226202129477271696, levelgen mode: deterministic

7434 Napalmbreeze the Fighter (level 10, 0/114 HPs)
             Began as a Troll Wanderer on May 14, 2020.
             Was a High Priest of Fedhas.
             Slain by a wolf spider (12 damage)
             ... on level 10 of the Dungeon.
             The game lasted 00:43:12 (9692 turns).

Napalmbreeze the Fighter (Troll Wanderer)           Turns: 9692, Time: 00:43:13

Health: 0/114      AC: 11    Str: 24    XL:     10   Next: 93%
Magic:  10/10      EV:  9    Int: 13    God:    Fedhas [*****.]
Gold:   431        SH:  0    Dex: 11    Spells: 9/9 levels left

rFire    . . .     SeeInvis .     - Unarmed
rCold    . . .     Gourm    +   (no shield)
rNeg     . . .     Faith    .   s - +0 swamp dragon scales
rPois    +         Spirit   .   (helmet restricted)
rElec    .         Reflect  .   (no cloak)
rCorr    .         Harm     .   (gloves unavailable)
MR       .....                  (boots unavailable)
Stlth    +.........             D - amulet of magic regeneration
HPRegen  0.69/turn              l - +6 ring of intelligence
MPRegen  0.37/turn              (no ring)

@: lethally poisoned (0 -> -7)
A: large, unfitting armour, claws 3, fast metabolism 3, gourmand, regeneration
1, shaggy fur 1, tough skin 3
a: Wall of Briars, Grow Ballistomycete, Overgrow, Grow Oklob, Renounce Religion


You were on level 10 of the Dungeon.
You worshipped Fedhas.
Fedhas was extremely pleased with you.
You were very full.

You visited 1 branch of the dungeon, and saw 10 of its levels.

You collected 596 gold pieces.
You spent 165 gold pieces at shops.

Inventory:

Missiles
 F - 36 poisoned darts
 J - 8 javelins (quivered)
Armour
 h - a +0 cloak
 q - a scarf of harm
 s - +0 swamp dragon scales (worn)
Jewellery
 l - a +6 ring of intelligence (left claw)
 w - the ring "Anetoeca" {Fire Int+3}
   (You found it on level 4 of the Dungeon)

   [ring of fire]

   It enhances your fire magic.
   It affects your intelligence (+3).
   It protects you from fire.
   It makes you vulnerable to cold.
 D - an amulet of magic regeneration (around neck)
 M - a +6 ring of strength {unknown}
Wands
 e - a wand of flame (15)
 y - a wand of disintegration (7)
 C - a wand of paralysis (9)
 H - a wand of enslavement (17)
 P - a wand of digging (9)
Scrolls
 a - 6 scrolls of remove curse
 d - 3 scrolls of identify
 i - 5 scrolls of teleportation
 m - 3 scrolls of amnesia
 v - a scroll of enchant armour
 A - 2 scrolls of random uselessness {unknown}
 B - 2 scrolls of magic mapping {unknown}
 E - a scroll of vulnerability {unknown}
 I - 2 scrolls of fear {unknown}
 K - a scroll of fog {unknown}
 N - a scroll of blinking {unknown}
 O - a scroll of immolation {unknown}
Potions
 c - 2 potions of heal wounds
 g - 4 potions of lignification
 j - 4 potions of mutation
 k - 3 potions of flight
 o - 2 potions of haste
 p - 5 potions of curing
 r - 3 potions of stabbing
 t - a potion of brilliance
 u - a potion of magic
 x - 2 potions of berserk rage
 z - 2 potions of degeneration {unknown}
 G - 2 potions of invisibility {unknown}
 L - a potion of might
Comestibles
 f - 24 rations


   Skills:
 + Level 11.5 Fighting
   Level 1.0(1.1) Axes
   Level 1.0(1.1) Polearms
 - Level 5.0 Throwing
 - Level 2.6 Dodging
 - Level 8.0 Unarmed Combat
 - Level 1.3 Evocations


You had 9 spell levels left.
You didn't know any spells.
Your spell library contained the following spells:

 Spells                   Type           Power        Failure   Level  Hunger
 Magic Dart               Conj           #...         43%         1    ##.....
 Sandblast                Erth           #.....       43%         1    ##.....
 Blink                    Tloc           N/A          58%         2    ###....
 Call Imp                 Summ           #.......     58%         2    ###....
 Passwall                 Tmut/Erth      #.......     58%         2    ###....
 Slow                     Hex            #.......     58%         2    ###....
 Confusing Touch          Hex            #.......     82%         3    ####...
 Conjure Flame            Conj/Fire      #.......     82%         3    ####...
 Gell's Gravitas          Tloc           #.........   82%         3    ####...
 Mephitic Cloud           Conj/Pois/Air  #.......     82%         3    ####...
 Stone Arrow              Conj/Erth      #.....       82%         3    ####...
 Petrify                  Tmut/Erth      #.......     99%         4    #####..
 Lee's Rapid Deconstruct  Erth           #.........   100%        5    ######.
 Metabolic Englaciation   Hex/Ice        #.........   100%        5    ######.
 Yara's Violent Unravell  Hex/Tmut       #.........   100%        5    ######.


Dungeon Overview and Level Annotations

Branches:
Dungeon (10/15)            Temple (0/1) D:4            Lair (0/6) D:9
    Orc: D:9-12

Altars:
Ashenzari
Cheibriados
Dithmenos
Fedhas
Hepliaklqana
Kikubaaqudgha
Okawaru
Qazlal
Sif Muna
Trog
Uskayaw
Wu Jian
Zin

Shops:
D:4 !


Innate Abilities, Weirdness & Mutations

You are too large for most types of armour.
You have claws for hands.
Your metabolism is lightning-fast.
You like to eat raw meat.
Your natural rate of healing is unusually fast.
You are covered in fur. (AC +1)
You have extremely tough skin. (AC +3)


Message History

You scratch the wolf spider but do no damage.
The wolf spider is almost dead.
The wolf spider closely misses you. The wolf spider bites you.
* * * LOW HITPOINT WARNING * * *
You are poisoned.
The wolf spider poisons you!
Unknown command.
You scratch the wolf spider but do no damage.
The wolf spider is almost dead.
You feel sick. The wolf spider closely misses you.
The wolf spider bites you but does no damage.
The wolf spider hits you.
* * * LOW HITPOINT WARNING * * *
The wolf spider bites you!
* * * LOW HITPOINT WARNING * * *
You closely miss the wolf spider.
The wolf spider is almost dead.
You feel sick. The wolf spider hits you!
You die...
Fedhas appreciates your contribution to the ecosystem.

#######...........#.#
## ####........#.# .#
##....)..#.# .#
#.......#.# .#
#.......#.# .#
#.......#.# .#
#.......#.#.. .##
#####..##... ..###
#####@##.##
..).########....s....#
.##)..)).............#
..###.######.>.......#
...##.# #(........#
.#..#.# #.........#
.##.#.# #.........#
.##.#.######<..........
#.#.##.<##(........##


You could see a wolf spider.

Vanquished Creatures
  A deep elf mage (D:8)
  A manticore (D:8)
  Maggie (D:7)
  A komodo dragon (D:9)
  A hornet (D:9)
  A queen bee (D:8)
  Grinder (D:5)
  5 yaks
  A vampire mosquito (D:10)
  3 ice beasts
  4 orc warriors
  Duvessa (D:7)
  A phantom (D:10)
  A black bear (D:7)
  5 ogres
  2 centaurs (D:10)
  2 big kobolds (D:8)
  6 bullfrogs
  A water moccasin zombie (D:7)
  Dowan (D:7)
  2 scorpions
  15 killer bees (D:8)
  4 wights (D:7)
  5 howler monkeys
  2 centaur zombies
  5 crimson imps
  7 hounds
  2 jellies
  6 orc wizards
  8 orc priests
  Crazy Yiuf (D:5)
  8 worker ants
  2 hound skeletons
  Robin (D:2)
  A worker ant zombie (D:5)
  15 adders
  A howler monkey skeleton (D:8)
  3 shadow imps
  2 adder zombies
  A worm (D:4)
  6 leopard geckos
  28 orcs
  3 ball pythons
  5 giant cockroaches
  17 goblins
  7 hobgoblins
  13 jackals
  17 kobolds
  5 quokkas
  4 bats
  5 frilled lizards
  2 leopard gecko skeletons
  5 rats
248 creatures vanquished.

Vanquished Creatures (others)
  An orc wizard (D:10)
  A plant (D:9)
2 creatures vanquished.

Grand Total: 250 creatures vanquished

Notes
Turn   | Place    | Note
-------+----------+-------------------------------------------
     0 | D:1      | Napalmbreeze the Troll Wanderer began the quest for the
                  | Orb.
     0 | D:1      | Napalmbreeze set off with the following items: a +2 hand
                  | axe, a +0 shortbow, 27 arrows, a wand of random effects
                  | (15), a +0 robe, 2 rations
     0 | D:1      | Reached XP level 1. HP: 19/19 MP: 1/1
   121 | D:1      | Reached skill level 1 in Unarmed Combat
   247 | D:1      | Reached XP level 2. HP: 27/27 MP: 2/2
   562 | D:1      | Reached skill level 2 in Fighting
   913 | D:2      | Reached XP level 3. HP: 32/36 MP: 3/3
  1158 | D:2      | Noticed Robin
  1162 | D:2      | Killed Robin
  1162 | D:2      | Reached skill level 3 in Fighting
  1169 | D:2      | Reached XP level 4. HP: 43/45 MP: 4/4
  1915 | D:3      | Found a shattered altar of Ashenzari.
  2190 | D:3      | Found a faded altar of an unknown god.
  2217 | D:3      | Became a worshipper of Fedhas Madash
  2217 | D:3      | Reached * piety under Fedhas
  2434 | D:4      | Reached skill level 4 in Fighting
  2434 | D:4      | Reached XP level 5. HP: 41/54 MP: 5/5
  2687 | D:4      | Found Maont's Distillery.
  2708 | D:4      | Bought a potion of stabbing for 44 gold pieces
  2708 | D:4      | Bought a potion of might for 44 gold pieces
  2708 | D:4      | Bought a potion of curing for 33 gold pieces
  2708 | D:4      | Bought a potion of brilliance for 44 gold pieces
  2771 | D:4      | Found a hide-covered altar of Uskayaw.
  2812 | D:4      | Found a staircase to the Ecumenical Temple.
  2833 | D:4      | Reached skill level 5 in Fighting
  2833 | D:4      | Reached XP level 6. HP: 62/66 MP: 6/6
  2863 | D:4      | Got a scintillating ivory ring
  2875 | D:4      | Identified the ring "Anetoeca" {Fire Int+3} (You found it
                  | on level 4 of the Dungeon)
  2934 | D:4      | Found a glowing silver altar of Zin.
  3027 | D:4      | Found a bloodstained altar of Trog.
  3028 | D:4      | Found a hazy altar of Hepliaklqana.
  3071 | D:4      | Found a shimmering blue altar of Sif Muna.
  3071 | D:4      | Found an ornate altar of the Wu Jian Council.
  3161 | D:5      | Entered Level 5 of the Dungeon
  3161 | D:5      | Found a stormy altar of Qazlal.
  3161 | D:5      | Found a blossoming altar of Fedhas.
  3323 | D:5      | Got a fine trident
  3391 | D:5      | Reached ** piety under Fedhas
  3488 | D:5      | Found a runed translucent door.
  3489 | D:5      | Noticed Crazy Yiuf
  3495 | D:5      | Killed Crazy Yiuf
  3612 | D:5      | Found an ancient bone altar of Kikubaaqudgha.
  3615 | D:5      | Found an iron altar of Okawaru.
  3618 | D:5      | Found a snail-covered altar of Cheibriados.
  3743 | D:5      | Noticed Grinder
  3757 | D:5      | Paralysed by Grinder for 6 turns
  3766 | D:5      | Killed Grinder
  3766 | D:5      | Reached skill level 5 in Unarmed Combat
  3766 | D:5      | Reached XP level 7. HP: 23/72 MP: 7/7
  3900 | D:5      | Found a shadowy altar of Dithmenos.
  4180 | D:6      | Reached skill level 6 in Fighting
  4285 | D:6      | Reached XP level 8. HP: 80/84 MP: 8/8
  4618 | D:6      | Reached skill level 7 in Fighting
  4872 | D:6      | Reached *** piety under Fedhas
  4872 | D:6      | Reached skill level 1 in Throwing
  4935 | D:7      | Noticed Duvessa
  4935 | D:7      | Noticed Dowan
  5275 | D:7      | Noticed Maggie
  5297 | D:7      | Killed Maggie
  5309 | D:7      | Reached skill level 8 in Fighting
  5475 | D:7      | Killed Duvessa
  5475 | D:7      | Reached XP level 9. HP: 92/96 MP: 9/9
  5487 | D:7      | Killed Dowan
  6169 | D:8      | Reached **** piety under Fedhas
  6264 | D:8      | Reached skill level 9 in Fighting
  6298 | D:8      | Noticed a deep elf mage
  6298 | D:8      | Noticed a manticore
  6306 | D:8      | Killed a manticore
  6324 | D:8      | Killed a deep elf mage
  6324 | D:8      | Reached skill level 10 in Fighting
  6324 | D:8      | Reached XP level 10. HP: 62/110 MP: 10/10
  6826 | D:8      | Reached skill level 5 in Throwing
  7880 | D:9      | Found a staircase to the Lair.
  8538 | D:9      | Reached skill level 11 in Fighting
  8738 | D:10     | Entered Level 10 of the Dungeon
  8779 | D:10     | Noticed a seven-headed hydra
  9107 | D:10     | Reached ***** piety under Fedhas
  9147 | D:10     | Noticed a gargoyle
  9512 | D:2      | Identified the +3 trident of Zeczim {pain, rElec Str+2}
                  | (You found it on level 5 of the Dungeon)
  9673 | D:10     | Noticed a wolf spider
  9692 | D:10     | Slain by a wolf spider

Illustrated notes

Levels and vault maps discovered:
D:1:      dpeg_arrival_erosion, layout_basic, serial_glass, glass_columns_b,
          glass_columns_c, glass_columns_a, glass_columns_c
D:2:      layout_loops_cross, uniq_robin
D:3:      layout_rooms, evilmike_ruin_ashenzari,
          chequers_ecumenical_altar_twisty
D:4:      layout_rooms, nicolae_overflow_hidden_temple, kennysheep_little_box,
          kennysheep_mini, minmay_temple_entry_wispy, serial_shops,
          shop_fountains
D:5:      layout_rooms, grunt_temple_overflow_forces_of_nature,
          grunt_temple_overflow_diamond, lemuel_round_altar, first_ration,
          eino_tiny_chamber, uniq_grinder, uniq_crazy_yiuf_cottage
D:6:      layout_basic
D:7:      layout_basic, uniq_duvessa, uniq_maggie
D:8:      layout_loops_ring, david_nohive_1, minmay_the_grid_2x2
          [minmay_the_grid_zigzag_pyramid, minmay_the_grid_pillar_ring,
          minmay_the_grid_embedded, minmay_the_grid_prize_inner_circle]
D:9:      layout_gridville, david_lair_shrubbed, minmay_crystal_water
D:10:     minmay_shrinking_squares, layout_rooms

Skill      XL: |  1  2  3  4  5  6  7  8  9 10 |
---------------+-------------------------------+-----
Unarmed Combat | 1 2 5 7 8 |  8.0
Fighting       | 2 3 4 5 6 8 10 11 | 11.5
Throwing       | 4 5 |  5.0
Axes           | |  1.0
Polearms       | |  1.0
Dodging        | |  2.6
Evocations     | |  1.3

Action                   |  1- 3 |  4- 6 |  7- 9 | 10-12 || total
-------------------------+-------+-------+-------+-------++-------
Melee: Unarmed           |   110 |   237 |   270 |   267 ||   884
       Punch             |       |       |    11 |    10 ||    21
Throw: Javelin           |       |       |    13 |     3 ||    16
       Dart              |       |       |    14 |       ||    14
Evoke: Wand              |       |       |     4 |       ||     4
  Use: Scroll            |       |    10 |     3 |     2 ||    15
       Potion            |       |     1 |       |     4 ||     5
 Stab: Sleeping          |     1 |       |       |       ||     1
  Eat: Chunk             |    16 |    24 |    24 |    30 ||    94
Armor: Robe              |    41 |    64 |    41 |       ||   146
       Swamp dragon scal |       |       |    67 |   108 ||   175
Dodge: Dodged            |    55 |   105 |   113 |   117 ||   390

Table legend:
 A = Non-vault XP
 B = Vault XP
 C = Vault XP percentage of total XP
 D = Non-vault monster count
 E = Vault monster count
 F = Vault count percentage of total count
                 A         B        C        D         E       F
            +---------+---------+-------+---------+---------+-------
      Total |    6017 |    4604 |  43.3 |     198 |      51 |  20.5
            +---------+---------+-------+---------+---------+-------
        D:1 |      36 |       0 |   0.0 |      22 |       0 |   0.0
        D:2 |      39 |      40 |  50.6 |       9 |      13 |  59.1
        D:3 |     112 |       0 |   0.0 |      25 |       0 |   0.0
        D:4 |     198 |       0 |   0.0 |      10 |       0 |   0.0
        D:5 |     227 |     311 |  57.8 |      16 |       2 |  11.1
        D:6 |     778 |       0 |   0.0 |      30 |       0 |   0.0
        D:7 |     792 |     595 |  42.9 |      13 |       3 |  18.8
        D:8 |    1094 |    3026 |  73.4 |      28 |      30 |  51.7
        D:9 |    1575 |     355 |  18.4 |      17 |       1 |   5.6
       D:10 |    1166 |     277 |  19.2 |      28 |       2 |   6.7
            +---------+---------+-------+---------+---------+-------
